 Dungeon Sprint DCSS version 0.30-a0-847-g17996783a1 (webtiles) character file.

Game seed: 11947044273101483480

112 dialectric the Covered (level 4, 0/32 HPs)
             Began as a Gargoyle Fighter on Mar 3, 2023.
             Slain by a scorpion (4 damage)
             ... in the Dungeon (Sprint II: "The Violet Keep of Menkaure").
             The game lasted 00:00:25 (22 turns).

dialectric the Covered (Gargoyle Fighter)             Turns: 22, Time: 00:00:26

Health: 0/32       AC: 11    Str: 20    XL:     4   Next: 93%
Magic:  4/4        EV: 10    Int:  8    God:
Gold:   0          SH:  0    Dex: 11    Spells: 3/3 levels left

rFire   . . .      SeeInvis .    a - +0 long sword
rCold   . . .      Faith    .    (no shield)
rNeg    + . .      Spirit   .    b - +0 scale mail
rPois   ∞          Reflect  .    (no helmet)
rElec   +          Rampage  .    (no cloak)
rCorr   .          NoTele   +    (no gloves)
Will    .....                    (no boots) Stlth
                                 (no amulet)
HPRegen 0.25/turn                (no ring)
MPRegen 0.09/turn                (no ring)

@: mighty
A: sickness immunity, AC +3, negative energy resistance 1, electricity
resistance, torment resistance 1, petrification resistance
a: no special abilities


You were in the Dungeon.
You visited 1 branch

Inventory:

Hand Weapons
 a - a +0 long sword (weapon)
Armour
 b - a +0 scale mail (worn)
 c - a +0 buckler
Scrolls
 j - a scroll of blinking
Potions
 e - a potion of curing
 f - a potion of heal wounds
 g - a potion of haste
 h - 2 potions of magic
 i - a potion of berserk rage


   Skills:
 + Level 6.6 Fighting
 + Level 2.9 Long Blades
 + Level 6.6 Armour
 * Level 2.0 Dodging
 - Level 5.3 Shields


You had 3 spell levels left.
You didn't know any spells.
Your spell library was empty.

Dungeon Overview and Level Annotations

Branches:
Dungeon (1/1)

Altars:


Innate Abilities, Weirdness & Mutations

You are immune to sickness and miasma.
Your stone body is resilient. (AC +3)
You are immune to poison.
You resist negative energy. (rN+)
You are resistant to electric shocks. (rElec)
You are resistant to unholy torment.
You are immune to petrification.


Message History

Your Long Blades skill increases to level 2!
Your Armour skill gained 2 levels and is now at level 5!
Your Shields skill gained 2 levels and is now at level 5!
You have reached level 2!
You have reached level 3!
Your experience leads to an increase in your attributes!
Increase (S)trength, (I)ntelligence, or (D)exterity?
You feel agile. x2
Unknown command.
You hit the scorpion.
The scorpion is moderately wounded.
The scorpion barely misses you.
You barely miss the scorpion.
The scorpion is moderately wounded.
The scorpion stings you but does no damage.
The scorpion barely misses you.
You slash the scorpion!
The scorpion is almost dead.
The scorpion stings you.
* * * LOW HITPOINT WARNING * * *
You hit the scorpion.
You kill the scorpion!
Your Fighting skill increases to level 6!
Your Armour skill increases to level 6!
Your Dodging skill gained 2 levels and is now at level 2!
You have reached level 4!
You feel stronger.
There is an open door here.
Things that are here:
a scorpion corpse; a scorpion corpse 2 scorpions come into view.
You see here 243 gold pieces.
You hit the scorpion.
The scorpion is moderately wounded.
The scorpion barely misses you. The scorpion stings you.
* * * LOW HITPOINT WARNING * * *
The scorpion barely misses you.
The scorpion stings you but does no damage.
The scorpion attacks as you move away! The scorpion stings you.
You die...

## ##.
#+#
#.s###.##
#@†.<.+
#.s###.##
##. #+#
##


You could see 2 scorpions.

Vanquished Creatures
  2 scorpions (D)
2 creatures vanquished.

Notes
Turn   | Place    | Note
-------+----------+-------------------------------------------
     0 | D        | dialectric the Gargoyle Fighter began the quest for the
                  | Orb.
     0 | D        | Reached XP level 1. HP: 14/14 MP: 1/1
     8 | D        | Noticed a scorpion
     8 | D        | Noticed a scorpion
    13 | D        | Killed a scorpion
    14 | D        | Reached skill level 5 in Fighting
    14 | D        | Reached skill level 5 in Armour
    14 | D        | Reached skill level 5 in Shields
    14 | D        | Reached XP level 2. HP: 9/21 MP: 2/2
    14 | D        | Reached XP level 3. HP: 11/26 MP: 3/3
    17 | D        | Killed a scorpion
    18 | D        | Reached XP level 4. HP: 8/32 MP: 4/4
    20 | D        | Noticed a scorpion
    20 | D        | Noticed a scorpion
    22 | D        | Slain by a scorpion

Illustrated notes

Levels and vault maps discovered:
D:        the_violet_keep_of_menkaure [sprint2_stairs_cluster_1,
          sprint2_shoproom, sprint2_temple, sprint2_basic_supplies,
          sprint2_obstacle_6, sprint2_obstacle_7, sprint2_obstacle_2,
          sprint2_obstacle_4, sprint2_obstacle_5, sprint2_timed_cluster_1,
          sprint2_smallroom_cluster_1, sprint2_smallroom_final_cluster_1,
          sprint2_transparent_cluster_1, sprint2_second_timed_cluster_1,
          sprint2_sniper_area_1, sprint2_heavy_combat_area_1,
          sprint2_mutation_trap_area_1, sprint2_forest_area_1,
          sprint2_light_combat_area_1, sprint2_behind_water_1,
          sprint2_near_end_vault_1]

Skill      XL: |  1  2  3 |
---------------+----------+-----
Fighting       | 5 6 |  6.6
Long Blades    | 2 |  2.9
Armour         | 5 6 |  6.6
Shields        | 5 |  5.3
Dodging        | 2 |  2.0

Action                     |  1- 3 |  4- 6 || total
---------------------------+-------+-------++-------
  Melee: Long sword        |     8 |     1 ||     9
    Use: Potion            |     1 |       ||     1
 Armour: Scale mail        |     2 |     1 ||     3
  Dodge: Dodged            |     4 |     2 ||     6

Table legend: (Time is in decaauts)
 A = Elapsed time spent in this place.
 B = Non-inter-level travel time spent in this place.
 C = Inter-level travel time spent in this place.
 D = Time resting spent in this place.
 E = Time spent auto-exploring this place.
 F = Levels seen in this place.
 G = Mean time per level.
                   A        B        C        D        E       F      G
               +--------+--------+--------+--------+--------+-----+--------+
         Total |     24 |     24 |      0 |      0 |      0 |   1 |   24.0 |
       Dungeon |     24 |     24 |      0 |      0 |      0 |   1 |   24.0 |
               +--------+--------+--------+--------+--------+-----+--------+

Top non-repeatable levels by time:
       D: 24 daAuts
